AA NE
SOMERSET PATRIOTS @ HARTFORD YARD GOATS
06/15/2042
 
TOP OF THE 1ST
Somerset Patriots batting - Pitching for Hartford Yard Goats : LHP Héctor Garza
Pitching: LHP Héctor Garza
Batting: RHB Luis Valéncia 0-0: Ball
1-0: Foul Ball, location: 25FF
1-1: Swinging Strike
1-2: Ball
2-2: SINGLE (Flyball, 89S, EV 93.1 MPH)
Batting: RHB Jim Gardner 0-0: Ball
1-0: Called Strike
1-1: 2-RUN HOME RUN (Flyball, 7D, EV 95.6 MPH), Distance : 371 ft
Batting: RHB Tom Waltenbery 0-0: Fly out, F7 (Line Drive, 7S, EV 103.8 MPH)
Batting: LHB Ron Connor 0-0: Ball
1-0: Foul Ball, location: 2F
1-1: Ball
2-1: Ball
3-1: Base on Balls
Batting: RHB Al Mitchell 0-0: Ball
1-0: Ball
2-0: Foul Ball, location: 23FF
2-1: 2-RUN HOME RUN (Flyball, 7LD, EV 95.6 MPH), Distance : 348 ft
Batting: LHB Pat Thomas 0-0: Fly out, F7 (Flyball, 78M, EV 87.5 MPH)
Batting: RHB Jorge Gabriel 0-0: Called Strike
0-1: Ground out 6-3 (Groundball, 6, EV 100.6 MPH)
Top of the 1st over - 4 runs, 3 hits, 0 errors, 0 left on base; Somerset 4 - Hartford 0
BOTTOM OF THE 1ST
Hartford Yard Goats batting - Pitching for Somerset Patriots : LHP Dave Crowder
Pitching: LHP Dave Crowder
Batting: RHB Ben Austin 0-0: Ball
1-0: Fly out, F7 (Line Drive, 7LM, EV 96.3 MPH)
Batting: RHB Tom Spencer 0-0: Called Strike
0-1: Ball
1-1: Swinging Strike
1-2: Strikes out looking
Batting: RHB Jorge Ortega 0-0: Foul Ball, location: 9LMF
0-1: Ball
1-1: Ball
2-1: Foul Ball, location: 5F
2-2: DOUBLE (Groundball, 5L, EV 100.6 MPH)
Batting: RHB Stan Moore 0-0: Called Strike
0-1: Ball
1-1: Swinging Strike
1-2: Ball
2-2: Strikes out looking
Bottom of the 1st over - 0 runs, 1 hit, 0 errors, 1 left on base; Somerset 4 - Hartford 0
TOP OF THE 2ND
Somerset Patriots batting - Pitching for Hartford Yard Goats : LHP Héctor Garza
Batting: LHB Dave Hamilton 0-0: Foul Ball, location: 2F
0-1: Ball
1-1: Ground out 5-3 (Groundball, 56S, EV 81.9 MPH)
Batting: RHB Jim Unknown 0-0: Ball
1-0: Ball
2-0: Ground out 5-3 (Groundball, 56S, EV 88.8 MPH)
Batting: RHB Luis Valéncia 0-0: Called Strike
0-1: Ball
1-1: Fly out, F8 (Flyball, 8LD, EV 89.4 MPH)
Top of the 2nd over - 0 runs, 0 hits, 0 errors, 0 left on base; Somerset 4 - Hartford 0
BOTTOM OF THE 2ND
Hartford Yard Goats batting - Pitching for Somerset Patriots : LHP Dave Crowder
Batting: LHB Mike Gibson 0-0: Called Strike
0-1: Ball
1-1: DOUBLE (Line Drive, 7LD, EV 111.3 MPH)
Batting: RHB Jack De san miguel 0-0: Ball
1-0: Foul Ball, location: 5F
1-1: Ground out 6-3 (Groundball, 6M, EV 101.9 MPH)
Batting: RHB Rubén Chávez 0-0: Swinging Strike
0-1: Foul Ball, location: 5F
0-2: Ball
1-2: Fly out, F8 (Flyball, 8RM, EV 87.5 MPH)
Batting: RHB Chet Powers 0-0: Called Strike
0-1: Ball
1-1: Swinging Strike
1-2: Strikes out looking
Bottom of the 2nd over - 0 runs, 1 hit, 0 errors, 1 left on base; Somerset 4 - Hartford 0
TOP OF THE 3RD
Somerset Patriots batting - Pitching for Hartford Yard Goats : LHP Héctor Garza
Batting: RHB Jim Gardner 0-0: Ball
1-0: Ball
2-0: Foul Ball, location: 3FF
2-1: Foul Ball, location: 2F
2-2: Ball
3-2: Base on Balls
Batting: RHB Tom Waltenbery 0-0: Called Strike
0-1: Foul Ball, location: 9LMF
0-2: Ball
1-2: Fly out, F5 (Popup, 5F, EV 60.0 MPH)
Batting: LHB Ron Connor 0-0: Ball
1-0: Ball
2-0: Foul Ball, location: 7LSF
2-1: Foul Ball, location: 2LF
2-2: SINGLE (Line Drive, 6D, EV 100.6 MPH)
Jim Gardner to second
Batting: RHB Al Mitchell 0-0: Called Strike
Jim Gardner steals 3rd base
0-1: Foul Ball, location: 3SF
0-2: Hit by Pitch
Ron Connor to second
Batting: LHB Pat Thomas 0-0: Foul Ball, location: 2F
0-1: Ball
1-1: Ball
2-1: Fly out, F9 (Flyball, 89S, EV 87.5 MPH)
Batting: RHB Jorge Gabriel 0-0: Called Strike
0-1: Ball
1-1: Ball
2-1: Swinging Strike
2-2: Ball
3-2: Foul Ball, location: 2F
3-2: Fly out, F8 (Flyball, 8LXD, EV 103.8 MPH)
Top of the 3rd over - 0 runs, 1 hit, 0 errors, 3 left on base; Somerset 4 - Hartford 0
BOTTOM OF THE 3RD
Hartford Yard Goats batting - Pitching for Somerset Patriots : LHP Dave Crowder
Batting: RHB Dave Howard 0-0: Ground out 5-3 (Groundball, 56, EV 104.4 MPH)
Batting: RHB Ben Austin 0-0: Called Strike
0-1: Foul Ball, location: 7LMF
0-2: Strikes out swinging
Batting: RHB Tom Spencer 0-0: Called Strike
0-1: Ball
1-1: Foul Ball, location: 2F
1-2: Foul Ball, location: 9LDF
1-2: Reached via error on a dropped throw from 1B, E1 (Groundball, 34, EV 97.5 MPH)
Batting: RHB Jorge Ortega 0-0: Called Strike
0-1: Ball
1-1: DOUBLE (Flyball, 8RXD, EV 98.1 MPH)
Tom Spencer to third
Runner from 3rd tries for Home, SAFE, no throw by CF
Batting: RHB Stan Moore 0-0: Ball
1-0: Called Strike
1-1: Fly out, F3 (Popup, 3SF, EV 74.4 MPH)
Bottom of the 3rd over - 1 run, 1 hit, 1 error, 1 left on base; Somerset 4 - Hartford 1
TOP OF THE 4TH
Somerset Patriots batting - Pitching for Hartford Yard Goats : LHP Héctor Garza
Batting: LHB Dave Hamilton 0-0: Foul Ball, location: 2F
0-1: Ball
1-1: Ball
2-1: Swinging Strike
2-2: SINGLE (Groundball, 56D, EV 100.6 MPH)
Batting: RHB Jim Unknown 0-0: Bunted foul
0-1: Foul Ball, location: 2F
0-2: Foul Ball, location: 9LMF
0-2: Ball
1-2: Ball
2-2: Ball
Pickoff Throw by Catcher to First - Error! E2
Dave Hamilton to second
3-2: Foul Ball, location: 2F
3-2: Base on Balls
Batting: RHB Luis Valéncia 0-0: Sac Bunt to 25 - play at first, batter OUT! 5-3
Dave Hamilton to third
Jim Unknown to second
Batting: RHB Jim Gardner 0-0: Ball
1-0: Ball
2-0: Reached via error on a dropped throw from 3B, E3 (Groundball, 56, EV 79.4 MPH)
Dave Hamilton scores
Pitching: RHP Israel Baraja
Batting: RHB Tom Waltenbery 0-0: Ball
1-0: Ball
2-0: Swinging Strike
2-1: Ball
3-1: Foul Ball, location: 2RF
3-2: Base on Balls
Jim Unknown to third
Jim Gardner to second
Batting: LHB Ron Connor 0-0: Ball
1-0: Ball
2-0: Called Strike
2-1: Called Strike
2-2: Ball
3-2: Strikes out swinging
Batting: RHB Al Mitchell 0-0: Called Strike
0-1: Ball
1-1: SINGLE (Line Drive, 34D, EV 101.9 MPH)
Jim Unknown scores
Jim Gardner to third
Tom Waltenbery to second
Batting: LHB Pat Thomas 0-0: Ball
1-0: Ball
2-0: Ball
3-0: Called Strike
3-1: Foul Ball, location: 7LSF
3-2: Base on Balls
Jim Gardner scores
Tom Waltenbery to third
Al Mitchell to second
Batting: RHB Jorge Gabriel 0-0: Ball
1-0: Ball
2-0: Foul Ball, location: 5F
2-1: SINGLE (Groundball, 4MD, EV 100.6 MPH)
Tom Waltenbery scores
Al Mitchell to third
Pat Thomas to second
Runner from 3rd tries for Home, SAFE, throw by CF to home
Batting: LHB Dave Hamilton 0-0: Ball
Wild Pitch!
Pat Thomas to third
Jorge Gabriel to second
1-0: 3-RUN HOME RUN (Flyball, 9D, EV 100.6 MPH), Distance : 381 ft
Pitching: LHP Orlando Pérez
Batting: RHB Jim Unknown 0-0: Ball
1-0: Called Strike
1-1: Fly out, F7 (Flyball, 7, EV 96.9 MPH)
Top of the 4th over - 8 runs, 4 hits, 2 errors, 0 left on base; Somerset 12 - Hartford 1
BOTTOM OF THE 4TH
Hartford Yard Goats batting - Pitching for Somerset Patriots : LHP Dave Crowder
Batting: LHB Mike Gibson 0-0: Ball
1-0: Called Strike
1-1: Ball
2-1: Ground out 3-1 (Groundball, 34S, EV 88.1 MPH)
Batting: RHB Jack De san miguel 0-0: Swinging Strike
0-1: Ground out 5-3 (Groundball, 56S, EV 63.1 MPH)
Batting: RHB Rubén Chávez 0-0: Ball
1-0: Ball
2-0: Ball
3-0: Base on Balls
Batting: RHB Chet Powers 0-0: Ball
1-0: Called Strike
1-1: Ball
Passed Ball!
Rubén Chávez to second
2-1: Ground out 6-3 (Groundball, 6, EV 86.9 MPH)
Bottom of the 4th over - 0 runs, 0 hits, 0 errors, 1 left on base; Somerset 12 - Hartford 1
TOP OF THE 5TH
Somerset Patriots batting - Pitching for Hartford Yard Goats : LHP Orlando Pérez
Batting: RHB Luis Valéncia 0-0: Ball
1-0: Called Strike
1-1: Foul Ball, location: 2F
1-2: Foul Ball, location: 25F
1-2: Ball
2-2: Ground out 4-3 (Groundball, 4, EV 87.5 MPH)
Batting: RHB Jim Gardner 0-0: Ball
1-0: Ball
2-0: Ball
3-0: Called Strike
3-1: Base on Balls
Batting: RHB Tom Waltenbery 0-0: Ball
1-0: Ball
2-0: Ball
3-0: Called Strike
3-1: Foul Ball, location: 3SF
3-2: Hit by Pitch
Jim Gardner to second
Batting: LHB Ron Connor 0-0: DOUBLE (Flyball, 8LXD, EV 110.6 MPH)
Jim Gardner scores
Tom Waltenbery to third
Batting: RHB Al Mitchell 0-0: Ball
1-0: Ball
2-0: Foul Ball, location: 2F
2-1: Foul Ball, location: 2F
2-2: Ball
3-2: Strikes out swinging
Batting: LHB Pat Thomas 0-0: Called Strike
0-1: SINGLE (Flyball, 3D, EV 86.3 MPH)
Tom Waltenbery scores
Ron Connor to third
Runner from 3rd tries for Home, SAFE, throw by RF to home
Batting: RHB Jorge Gabriel 0-0: Called Strike
0-1: Swinging Strike
0-2: Strikes out looking
Top of the 5th over - 3 runs, 2 hits, 0 errors, 1 left on base; Somerset 15 - Hartford 1
BOTTOM OF THE 5TH
Hartford Yard Goats batting - Pitching for Somerset Patriots : LHP Dave Crowder
Batting: RHB Dave Howard 0-0: Ball
1-0: Ball
2-0: Ball
3-0: Base on Balls
Batting: RHB Ben Austin 0-0: Ball
1-0: SINGLE (Line Drive, 34D, EV 97.5 MPH)
Dave Howard to second
Batting: RHB Tom Spencer 0-0: DOUBLE (Flyball, 89D, EV 104.4 MPH)
Dave Howard scores
Ben Austin to third
Batting: RHB Jorge Ortega 0-0: Ball
Passed Ball!
Ben Austin scores
Tom Spencer to third
1-0: Foul Ball, location: 9LSF
1-1: Called Strike
1-2: Foul Ball, location: 2F
1-2: Ground out 1-3 (Groundball, 25, EV 63.8 MPH)
Batting: RHB Stan Moore 0-0: Called Strike
0-1: Ball
1-1: Ball
2-1: SINGLE (Groundball, 4MD, EV 103.8 MPH)
Tom Spencer scores
Batting: LHB Mike Gibson 0-0: Called Strike
0-1: Hit by Pitch
Stan Moore to second
Batting: RHB Jack De san miguel 0-0: Fly out, F7 (Flyball, 7, EV 92.5 MPH)
Batting: RHB Rubén Chávez 0-0: Ball
1-0: 3-RUN HOME RUN (Flyball, 78XD, EV 98.1 MPH), Distance : 385 ft
Pitching: RHP Jim Unknown
Batting: RHB Chet Powers 0-0: Called Strike
0-1: Ball
1-1: SINGLE (Line Drive, 3D, EV 101.3 MPH)
Batting: RHB Dave Howard 0-0: SINGLE (Groundball, 6MD, EV 97.5 MPH)
Chet Powers to second
Batting: RHB Ben Austin 0-0: Called Strike
0-1: Ground out 1-3 (Groundball, P, EV 76.9 MPH)
Bottom of the 5th over - 6 runs, 6 hits, 0 errors, 2 left on base; Somerset 15 - Hartford 7
TOP OF THE 6TH
Somerset Patriots batting - Pitching for Hartford Yard Goats : LHP Orlando Pérez
Batting: LHB Dave Hamilton 0-0: Ball
1-0: Called Strike
1-1: Ball
2-1: Ball
3-1: Base on Balls
Batting: RHB Jim Unknown 0-0: Called Strike
0-1: Ball
1-1: Foul Ball, location: 2F
1-2: Grounds into double play, 6-4-3 (Groundball, 6, EV 85.6 MPH)
Batting: RHB Luis Valéncia 0-0: Ball
1-0: Foul Ball, location: 5SF
1-1: Ball
2-1: Ball
3-1: Ground out 6-3 (Groundball, 56, EV 103.1 MPH)
Top of the 6th over - 0 runs, 0 hits, 0 errors, 0 left on base; Somerset 15 - Hartford 7
BOTTOM OF THE 6TH
Hartford Yard Goats batting - Pitching for Somerset Patriots : RHP Jim Unknown
Batting: RHB Tom Spencer 0-0: Foul Ball, location: 7LSF
0-1: Foul Ball, location: 5F
0-2: Foul Ball, location: 2F
0-2: Ball
1-2: Foul Ball, location: 2F
1-2: Fly out, F8 (Flyball, 8LM, EV 95.0 MPH)
Batting: RHB Jorge Ortega 0-0: Called Strike
0-1: Ball
1-1: Called Strike
1-2: Strikes out swinging
Batting: RHB Stan Moore 0-0: Ball
1-0: DOUBLE (Line Drive, 9LM, EV 98.1 MPH)
Batting: LHB Mike Gibson 0-0: Ball
1-0: Called Strike
1-1: Foul Ball, location: 2F
1-2: Ball
2-2: Ball
Wild Pitch!
Stan Moore to third
3-2: Ground out U3 (Groundball, 3, EV 87.5 MPH)
Bottom of the 6th over - 0 runs, 1 hit, 0 errors, 1 left on base; Somerset 15 - Hartford 7
TOP OF THE 7TH
Somerset Patriots batting - Pitching for Hartford Yard Goats : LHP Orlando Pérez
Batting: RHB Jim Gardner 0-0: Called Strike
0-1: Swinging Strike
0-2: Ball
1-2: Strikes out swinging
Pitching: RHP Walt Scott
Batting: LHB Jim Unknown 0-0: Ball
1-0: Foul Ball, location: 3FF
1-1: Swinging Strike
1-2: Fly out, F5 (Popup, 5SF, EV 79.4 MPH)
Pinch Hitting: LHB Jim Unknown 0-0: Ball
1-0: Ball
2-0: Foul Ball, location: 2F
2-1: Ball
3-1: Fly out, F7 (Line Drive, 7D, EV 92.5 MPH)
Top of the 7th over - 0 runs, 0 hits, 0 errors, 0 left on base; Somerset 15 - Hartford 7
BOTTOM OF THE 7TH
Hartford Yard Goats batting - Pitching for Somerset Patriots : RHP Jim Unknown
Now in CF: Jim Unknown
Batting: RHB Jack De san miguel 0-0: Foul Ball, location: 9LDF
0-1: Foul Ball, location: 2F
0-2: Strikes out swinging
Batting: RHB Rubén Chávez 0-0: SOLO HOME RUN (Flyball, 89XD, EV 100.0 MPH), Distance : 391 ft
Batting: RHB Chet Powers 0-0: Called Strike
0-1: Ball
1-1: Called Strike
1-2: Ball
2-2: DOUBLE (Flyball, 89D, EV 93.8 MPH)
Pinch Hitting: SHB John Roberge 0-0: Swinging Strike
0-1: Ball
1-1: Foul Ball, location: 9LDF
1-2: Foul Ball, location: 7LMF
1-2: Ball
2-2: Foul Ball, location: 5F
2-2: Foul Ball, location: 2F
2-2: Foul Ball, location: 23FF
2-2: SINGLE (Line Drive, 8LS, EV 101.9 MPH)
Chet Powers to third
Batting: RHB Ben Austin 0-0: Ball
1-0: Ball
2-0: Ground out 6-3 (Groundball, 56, EV 68.1 MPH)
Chet Powers scores
John Roberge to second
Batting: RHB Tom Spencer 0-0: Called Strike
0-1: Ball
1-1: Ball
2-1: Ball
3-1: Base on Balls
Batting: RHB Jorge Ortega 0-0: Ball
1-0: Ball
2-0: Foul Ball, location: 2F
2-1: Called Strike
2-2: Foul Ball, location: 5F
2-2: Foul Ball, location: 2F
2-2: DOUBLE (Groundball, 5L, EV 104.4 MPH)
John Roberge scores
Tom Spencer to third
Runner from 3rd tries for Home, SAFE, throw by LF to home
Pitching: RHP Jim Unknown
Batting: RHB Stan Moore 0-0: Ball
1-0: Swinging Strike
1-1: Foul Ball, location: 2LF
1-2: Foul Ball, location: 9LDF
1-2: Strikes out looking
Bottom of the 7th over - 4 runs, 4 hits, 0 errors, 1 left on base; Somerset 15 - Hartford 11
TOP OF THE 8TH
Somerset Patriots batting - Pitching for Hartford Yard Goats : RHP Walt Scott
Now at SS: Jeff Johnston
Batting: RHB Al Mitchell 0-0: Ball
1-0: Foul Ball, location: 3F
1-1: Ball
2-1: Ball
3-1: Base on Balls
Batting: LHB Pat Thomas 0-0: Ball
1-0: SINGLE (Groundball, 6MD, EV 105.6 MPH)
Al Mitchell to second
Runner from 2nd tries for 3rd, SAFE, throw by CF made to third
Batting: RHB Jorge Gabriel 0-0: Grounds into double play, 5-4-3 (Groundball, 56, EV 93.8 MPH)
Al Mitchell scores
Batting: LHB Dave Hamilton 0-0: Called Strike
0-1: Fly out, F5 (Line Drive, 56, EV 68.1 MPH)
Top of the 8th over - 1 run, 1 hit, 0 errors, 0 left on base; Somerset 16 - Hartford 11
BOTTOM OF THE 8TH
Hartford Yard Goats batting - Pitching for Somerset Patriots : RHP Jim Unknown
Batting: LHB Mike Gibson 0-0: Ball
1-0: Ground out U3 (Groundball, 3, EV 105.6 MPH)
Batting: RHB Jack De san miguel 0-0: Foul Ball, location: 2F
0-1: Foul Ball, location: 2RF
0-2: Foul Ball, location: 2F
0-2: Foul Ball, location: 25F
0-2: Ball
1-2: Fly out, F8 (Flyball, 89D, EV 95.6 MPH)
Batting: RHB Rubén Chávez 0-0: Fly out, F6 (Popup, P, EV 89.4 MPH)
Bottom of the 8th over - 0 runs, 0 hits, 0 errors, 0 left on base; Somerset 16 - Hartford 11
TOP OF THE 9TH
Somerset Patriots batting - Pitching for Hartford Yard Goats : RHP Walt Scott
Pitching: RHP Josh Sweeney
Pinch Hitting: LHB Josh Miller 0-0: Swinging Strike
0-1: Foul Ball, location: 5SF
0-2: Fly out, F8 (Flyball, 8RM, EV 88.8 MPH)
Batting: RHB Luis Valéncia 0-0: Foul Ball, location: 3FF
0-1: Ground out 1-3 (Groundball, 13, EV 61.9 MPH)
Batting: RHB Jim Gardner 0-0: Ball
1-0: Called Strike
1-1: Swinging Strike
1-2: SINGLE (Groundball, 15S, EV 66.3 MPH) (infield hit)
Batting: LHB Jim Unknown 0-0: Called Strike
0-1: Ball
1-1: Foul Ball, location: 23FF
1-2: Foul Ball, location: 5DF
1-2: Ground out 4-3 (Groundball, 4, EV 86.3 MPH)
Top of the 9th over - 0 runs, 1 hit, 0 errors, 1 left on base; Somerset 16 - Hartford 11
BOTTOM OF THE 9TH
Hartford Yard Goats batting - Pitching for Somerset Patriots : RHP Jim Unknown
Now at C: Jim Unknown
Pinch Hitting: SHB José Flores 0-0: Swinging Strike
0-1: Swinging Strike
0-2: Ball
1-2: Fly out, F9 (Flyball, 89S, EV 94.4 MPH)
Batting: RHB Jeff Johnston 0-0: Called Strike
0-1: Ball
1-1: Foul Ball, location: 5FF
1-2: Foul Ball, location: 5F
1-2: SOLO HOME RUN (Flyball, 7LD, EV 90.6 MPH), Distance : 355 ft
Batting: RHB Ben Austin 0-0: Called Strike
0-1: SINGLE (Line Drive, 4D, EV 100.0 MPH)
Batting: RHB Tom Spencer 0-0: Ball
1-0: Called Strike
1-1: Ball
2-1: Fly out, F6 (Line Drive, 6MD, EV 63.8 MPH)
Batting: RHB Jorge Ortega 0-0: Foul Ball, location: 2F
0-1: Called Strike
0-2: Ball
1-2: Ball
2-2: Fly out, F4 (Popup, 4, EV 66.3 MPH)
Bottom of the 9th over - 1 run, 2 hits, 0 errors, 1 left on base; Somerset 16 - Hartford 12
Friday, May 3rd , 2024 - OOTP Baseball 24.10 Build 82